 Dungeon Crawl Stone Soup version 0.30-a0-799-g109b55a442 (webtiles) character file.

Game seed: 11172384331304836928

8791 Jeffwins the Skirmisher (level 11, -2/68 HPs)
             Began as a Human Wanderer on Feb 20, 2023.
             Was a Priest of Vehumet.
             Slain by a troll (4 damage)
             ... on level 10 of the Dungeon.
             The game lasted 00:30:05 (11434 turns).

Jeffwins the Skirmisher (Human Wanderer)           Turns: 11434, Time: 00:30:06

Health: -2/68      AC:  6    Str: 15    XL:     11   Next: 62%
Magic:  17/17      EV: 12    Int: 17    God:    Vehumet [***...]
Gold:   1492       SH:  0    Dex: 16    Spells: 11/19 levels left

rFire   . . .      SeeInvis .    a - +1 longbow
rCold   + . .      Faith    .    (shield currently unavailable)
rNeg    . . .      Spirit   .    q - +2 leather armour {Will+}
rPois   .          Reflect  .    (no helmet)
rElec   .          Harm     .    D - +0 cloak
rCorr   .          Rampage  .    h - +2 pair of gloves
Will    +....                    b - +0 pair of boots
Stlth   +++                      J - amulet of magic regeneration
HPRegen 0.31/turn                C - ring of protection from cold
MPRegen 0.55/turn                S - +6 ring of strength

@: corroded
A: no striking features
a: Renounce Religion


You were on level 10 of the Dungeon.
You worshipped Vehumet.
Vehumet was most pleased with you.
You visited 2 branches of the dungeon, and saw 11 of its levels.
You also visited: Ossuary and Bailey.

You collected 1492 gold pieces.


   Skills:
 * Level 8.9 Ranged Weapons
 - Level 1.0 Throwing
 - Level 1.0 Armour
 - Level 2.0 Dodging
 - Level 5.0 Stealth
 + Level 4.6 Spellcasting
 * Level 7.3 Conjurations
 - Level 4.0 Translocations
 - Level 1.0 Transmutations
 * Level 7.2 Ice Magic
 * Level 7.0 Air Magic
 - Level 4.0 Evocations


You had 11 spell levels left.
You knew the following spells:

 Your Spells              Type           Power      Damage    Failure   Level
e - Beastly Appendage     Tmut           14%        N/A       12%         1
z - Freezing Cloud        Conj/Ice/Air   14%        6-21      7%          5
I - Blink                 Tloc           34%        N/A       5%          2

Your spell library contained the following spells:

 Spells                   Type           Power      Damage    Failure   Level
 Static Discharge         Conj/Air       56%        2-5/arc   1%          2
 Momentum Strike          Conj/Tloc      46%        3d9       1%          2
 Apportation              Tloc           34%        N/A       3%          1
 Kindle Blastsparks       Fire/Tloc/Air  32%        2d12      3%          3
 Swiftness                Air            27%        N/A       3%          3
 Lesser Beckoning         Tloc           34%        N/A       5%          2
 Iskenderun's Mystic Bla  Conj/Tloc      23%        2d6       5%          4
 Ensorcelled Hibernation  Hex/Ice        32%        N/A       6%          2
 Ignite Poison            Fire/Tmut/Pois 5%         N/A       13%         3
 Necrotise                Necr           12%        1d4       19%         1
 Summon Small Mammal      Summ           12%        N/A       19%         1
 Passwall                 Tmut/Erth      4%         N/A       22%         2
 Portal Projectile        Hex/Tloc       20%        N/A       24%         3
 Passage of Golubria      Tloc           17%        N/A       34%         4
 Metabolic Englaciation   Hex/Ice        8%         N/A       75%         5
 Silence                  Hex/Air        7%         N/A       75%         5
 Disjunction              Tloc           8%         N/A       100%        8
 Lehudib's Crystal Spear  Conj/Erth      8%         10d3      100%        8

Inventory:

Hand Weapons
 a - a +1 longbow (weapon)
 I - a +2 sling of freezing
Missiles
 j - 35 poisoned darts
 M - a throwing net {=f}
Armour
 b - a +0 pair of boots (worn)
 h - a +2 pair of gloves (worn)
 q - a +2 leather armour of willpower (worn)
 D - a +0 cloak (worn)
 E - a +2 robe of positive energy
 Q - +0 steam dragon scales
Magical Staves
 g - a staff of fire
Jewellery
 C - a ring of protection from cold (left hand)
 J - an amulet of magic regeneration (around neck)
 L - a ring of flight
 R - a ring of resist corrosion
 S - a +6 ring of strength (right hand)
Wands
 G - a wand of mindburst (10)
 O - a wand of roots (5)
 P - a wand of polymorph (8)
Scrolls
 c - 4 scrolls of blinking
 e - a scroll of magic mapping
 l - a scroll of butterflies
 m - 3 scrolls of enchant armour
 o - 6 scrolls of teleportation {@r4}
 p - 3 scrolls of vulnerability {!r}
 r - a scroll of poison {!r}
 t - a scroll of fog
 y - a scroll of immolation {!r}
 B - 2 scrolls of enchant weapon
 F - a scroll of torment {!r}
 H - a scroll of amnesia
 K - a scroll of fear
Potions
 d - 4 potions of heal wounds {@q2}
 f - a potion of attraction {!q}
 i - 5 potions of mutation {!q}
 k - a potion of haste {@q3}
 n - 2 potions of curing {@q1}
 s - a potion of berserk rage {unknown}
 u - a potion of ambrosia
 v - 2 potions of brilliance
 w - 2 potions of flight
 x - 2 potions of lignification {!q}
 z - 2 potions of invisibility
 A - a potion of resistance
 N - a potion of might
Miscellaneous
 T - a lightning rod (3/4)

Dungeon Overview and Level Annotations

Branches:
Dungeon (10/15)            Temple (1/1) D:6            Lair (0/5) D:10
Ossuary (visited)          Bailey (visited)
    Orc: D:9-12

Altars:
Ashenzari
Cheibriados
Dithmenos
Elyvilon
Fedhas
Gozag
Hepliaklqana
Kikubaaqudgha
Makhleb
Nemelex Xobeh
Okawaru
Qazlal
Ru
Sif Muna
Trog
Uskayaw
Vehumet
Wu Jian
Xom
Yredelemnul
Zin
The Shining One

,** *,,,,,,,* ##...# ,,*
*,*******###..### *
*+*** #***+** #...## *
,,,,*****#.,,,,*
##'###### *
,,,,**,,,+..,,,*
#.......# *
,,,,**,**#...,,*
#)......# * ,,,,**,*
#....,*#####.......# ***
,,,,**,*
#..○..##...'.......#**,+
,,,,*,,*
#.°.§○T@.###.......+,,,*
,,,,+,** #..○§§####
#.......#**** ,,,,***
#####** ######### *****


You could see a troll.


Message History

The splash of acid hits you! The acid corrodes you!
Unknown command.
You shoot an arrow.
The arrow hits the acid dragon but does no damage.
The acid dragon is severely wounded.
The grasping roots constrict the acid dragon!
You kill the acid dragon!
Vehumet accepts your kill.
You feel your power returning.
The acid dragon scales are intact enough to wear.
The grasping roots constrict the troll!
The roots release their grip on the troll.
The troll bites you. The troll claws you!
* * * LOW HITPOINT WARNING * * *
The troll claws you.
* * * LOW HITPOINT WARNING * * *
Unknown command.
You are too injured to fight recklessly!
Unknown command.
Aiming: Thunderbolt
Press: ? - help, Shift-Dir - straight line, f - troll
Aim: a troll (moderately wounded)
The thunderbolt hits the troll!
The troll is heavily wounded.
The troll bites you!
* * * LOW HITPOINT WARNING * * *
The troll claws you!
* * * LOW HITPOINT WARNING * * *
The troll claws you.
You die...

Skill      XL: |  1  2  3  4  5  6  7  8  9 10 11 |
---------------+----------------------------------+-----
Stealth        | 1 2 3 4 5 |  5.0
Ranged Weapons | 5 6 7 8 |  8.9
Conjurations   | 1 2 3 4 6 7 |  7.3
Ice Magic      | 1 2 3 5 6 7 |  7.2
Air Magic      | 1 2 3 4 5 7 |  7.0
Evocations     | 1 2 3 4 |  4.0
Translocations | 1 2 3 4 |  4.0
Spellcasting   | 2 3 4 |  4.6
Throwing       | |  1.0
Armour         | |  1.0
Dodging        | |  2.0
Transmutations | |  1.0

Action                     |  1- 3 |  4- 6 |  7- 9 | 10-12 || total
---------------------------+-------+-------+-------+-------++-------
   Fire: Sling             |    84 |   119 |   461 |       ||   664
         Longbow           |       |       |    30 |   395 ||   425
   Cast: Freezing Cloud    |       |       |     1 |    22 ||    23
         Blink             |       |       |     1 |     2 ||     3
  Evoke: Wand              |       |     2 |     3 |     4 ||     9
         Lightning rod     |       |       |       |     1 ||     1
    Use: Potion            |     1 |     1 |     1 |     5 ||     8
         Scroll            |       |       |    15 |    14 ||    29
 Armour: Robe              |     8 |     8 |    23 |       ||    39
         Skin              |    12 |    35 |       |    21 ||    68
         Leather armour    |       |       |    95 |   100 ||   195
  Dodge: Dodged            |    12 |    33 |   197 |   165 ||   407

Levels and vault maps discovered:
D:1:      mrwooster_arrival_arrow, layout_basic,
          dreamdust_ecumenical_altar_angels_and_demons
D:2:      layout_basic, serial_bayou_ford_a, nrook_campfire
D:3:      layout_rooms, lemuel_tele_altar, roderic_lattice_a, minivault_4,
          kennysheep_generic_room_14
D:4:      layout_basic
D:5:      layout_basic, mainiacjoe_overflow_alcove_1, lemuel_crystal_altar,
          nicolae_overflow_crystal_walls, enter_ossuary_5, grunt_ministairs_13,
          kennysheep_generic_room_2
D:6:      layout_loops_cross, minmay_temple_entry_trees,
          amcnicky_mini_corridor_feature, kennysheep_generic_room_15,
          uniq_sigmund, uniq_grinder
D:7:      layout_basic
D:8:      layout_basic, mainiacjoe_overflow_surrounded_room, lemuel_round_altar,
          nicolae_qazlal_eye_of_the_storm, kennysheep_mini_moat,
          grunt_tough_drop
D:9:      layout_basic, mainiacjoe_overflow_alcove_2, uniq_pikel
D:10:     layout_roguey, lair_entry_dummy, enter_bailey_3,
          dreamdust_wishing_well, hangedman_feature_mirror, uniq_erica
Temple:   hellmonk_temple_forest_ring

Notes
Turn   | Place    | Note
-------+----------+-------------------------------------------
     0 | D:1      | Jeffwins the Human Wanderer began the quest for the Orb.
     0 | D:1      | Jeffwins set off with the following items: a +2 sling, a +0
                  | pair of boots, a scroll of blinking, a +0 robe; and the
                  | following spell memorised: Beastly Appendage; and the
                  | following spells available to memorise: Ignite Poison.
     0 | D:1      | Reached XP level 1. HP: 13/13 MP: 2/2
    99 | D:1      | Reached XP level 2. HP: 19/19 MP: 3/3
   143 | D:1      | Reached skill level 1 in Stealth
   180 | D:1      | You fall into a shaft and drop 1 floor!
   207 | D:2      | Reached XP level 3. HP: 14/24 MP: 4/4
   698 | D:1      | Found a faded altar of an unknown god.
   894 | D:2      | Reached XP level 4. HP: 30/30 MP: 5/5
   986 | D:2      | Reached skill level 5 in Ranged Weapons
  1310 | D:3      | Reached skill level 2 in Stealth
  1310 | D:3      | Reached XP level 5. HP: 22/35 MP: 6/6
  1382 | D:3      | Noticed a black bear
  1409 | D:3      | Killed a black bear
  1410 | D:3      | Reached skill level 1 in Conjurations
  1410 | D:3      | Reached skill level 1 in Ice Magic
  1410 | D:3      | Reached skill level 1 in Air Magic
  1410 | D:3      | Reached XP level 6. HP: 36/41 MP: 7/7
  1494 | D:3      | Found a shimmering altar of Xom.
  1523 | D:3      | Learned a level 2 spell: Blink
  1710 | D:3      | Reached skill level 1 in Evocations
  2059 | D:3      | Reached skill level 2 in Conjurations
  2059 | D:3      | Reached skill level 2 in Ice Magic
  2059 | D:3      | Reached skill level 2 in Air Magic
  2059 | D:3      | Reached XP level 7. HP: 32/46 MP: 9/9
  2269 | D:4      | Reached skill level 1 in Translocations
  2293 | D:4      | Reached skill level 2 in Spellcasting
  2571 | D:4      | Reached skill level 3 in Stealth
  2571 | D:4      | Reached XP level 8. HP: 52/52 MP: 11/11
  2608 | D:4      | Reached skill level 3 in Conjurations
  2904 | D:4      | Reached skill level 3 in Ice Magic
  3338 | D:4      | Reached skill level 6 in Ranged Weapons
  3384 | D:5      | Entered Level 5 of the Dungeon
  3426 | D:5      | Found a sand-covered staircase.
  3431 | Ossuary  | Entered an ossuary
  3484 | Ossuary  | Reached skill level 3 in Air Magic
  3484 | Ossuary  | Reached skill level 2 in Evocations
  3672 | Ossuary  | Reached skill level 2 in Translocations
  4092 | D:5      | Reached XP level 9. HP: 55/57 MP: 13/13
  4098 | D:5      | Learned a level 5 spell: Freezing Cloud
  4127 | D:5      | Found a sacrificial altar of Ru.
  4274 | D:5      | Reached skill level 4 in Ice Magic
  4396 | D:5      | Found a hide-covered altar of Uskayaw.
  4613 | D:5      | Reached skill level 4 in Conjurations
  4877 | D:5      | Found a hazy altar of Hepliaklqana.
  4992 | D:6      | Noticed Grinder
  4995 | D:6      | Noticed Sigmund
  5000 | D:6      | Killed Grinder
  5001 | D:6      | Reached skill level 3 in Spellcasting
  5001 | D:6      | Reached skill level 4 in Air Magic
  5008 | D:6      | Killed Sigmund
  5088 | D:6      | Reached skill level 4 in Stealth
  5218 | D:6      | Reached skill level 7 in Ranged Weapons
  5730 | D:6      | Found a staircase to the Ecumenical Temple.
  5749 | Temple   | Entered the Ecumenical Temple
  5909 | Temple   | Became a worshipper of Vehumet
  6089 | D:6      | Reached skill level 3 in Translocations
  6254 | D:7      | Reached skill level 3 in Evocations
  6256 | D:7      | Reached skill level 5 in Ice Magic
  6318 | D:7      | Reached XP level 10. HP: 45/63 MP: 13/15
  6330 | D:7      | Reached skill level 5 in Conjurations
  6505 | D:7      | HP: 6/63 [something (14)]
  6510 | D:7      | Reached skill level 5 in Air Magic
  6735 | D:7      | HP: 6/63 [poisoned by a water moccasin]
  6740 | D:7      | HP: 2/63 [poisoned by a water moccasin]
  7096 | D:7      | Identified a potion of resistance
  7507 | D:8      | Found a glowing golden altar of the Shining One.
  7527 | D:8      | Reached * piety under Vehumet
  7527 | D:8      | Offered knowledge of Sandblast by Vehumet.
  7548 | D:8      | HP: 4/63 [orc warrior/+0 flail (8)]
  7676 | D:8      | Paralysed by a hornet for 3 turns
  7680 | D:8      | HP: 2/63 [something (6)]
  8602 | D:8      | Reached skill level 6 in Conjurations
  8633 | D:8      | Reached skill level 6 in Ice Magic
  8821 | D:8      | Found a stormy altar of Qazlal.
  8921 | D:8      | Found a burning altar of Makhleb.
  8928 | D:8      | Found a basalt altar of Yredelemnul.
  9161 | D:9      | Reached ** piety under Vehumet
  9172 | D:9      | Offered knowledge of Scorch by Vehumet.
  9183 | D:9      | Got the Almanac of the Planar Serac
  9239 | D:9      | Reached skill level 8 in Ranged Weapons
  9239 | D:9      | Reached skill level 5 in Stealth
  9324 | D:9      | Reached skill level 4 in Spellcasting
  9324 | D:9      | Reached skill level 4 in Translocations
  9324 | D:9      | Reached XP level 11. HP: 68/68 MP: 12/17
  9325 | D:9      | Reached skill level 6 in Air Magic
  9325 | D:9      | Reached skill level 4 in Evocations
  9386 | D:9      | Paralysed by a hornet for 1 turns
  9460 | D:9      | Noticed Pikel
  9465 | D:9      | Killed Pikel
  9719 | D:9      | Identified a scroll of acquirement
  9720 | D:9      | Acquired 885 gold pieces
  9865 | D:9      | Identified the +1 short sword "Ekuonwut" {venom, *Noise
                  | +Blink Str+5}
  9995 | D:9      | Found a shadowy altar of Dithmenos.
 10160 | D:10     | Entered Level 10 of the Dungeon
 10269 | D:10     | Reached skill level 7 in Conjurations
 10286 | D:10     | Found a flagged portal.
 10316 | Bailey   | Entered a bailey
 10352 | Bailey   | Reached skill level 7 in Ice Magic
 10363 | Bailey   | Offered knowledge of Static Discharge by Vehumet.
 10939 | Bailey   | Reached *** piety under Vehumet
 11107 | Bailey   | Noticed an orc knight
 11112 | Bailey   | Killed an orc knight
 11113 | Bailey   | Reached skill level 7 in Air Magic
 11265 | D:10     | Found a staircase to the Lair.
 11295 | D:10     | Identified the +1 leather armour "Ydozec" {Will+}
 11434 | D:10     | HP: 2/68 [troll (11)]
 11434 | D:10     | Slain by a troll

Vanquished Creatures
  Pikel (D:9)
  An orc knight (Bailey)
  2 trolls
  Grinder (D:6)
  2 hornets
  Sigmund (D:6)
  3 wyverns
  5 yaks (D:9)
  A steam dragon (D:9)
  An acid dragon (D:10)
  4 water moccasins
  A sky beast (D:8)
  5 black bears
  13 orc warriors
  A phantom (D:3)
  A centaur (D:8)
  A kobold brigand (D:8)
  2 bullfrogs
  A gnoll sergeant (D:6)
  8 scorpions
  2 necrophages
  5 water moccasin zombies (Ossuary)
  4 wights (D:7)
  4 killer bees (D:8)
  3 howler monkeys (D:9)
  A jelly (D:4)
  9 orc priests
  2 gnoll boudas
  5 hounds
  13 orc wizards
  2 iguanas
  2 mummies (Ossuary)
  27 gnolls
  9 adders
  A shadow imp (D:8)
  4 white imps
  5 adder zombies (Ossuary)
  2 worms
  48 orcs
  3 bats (D:1)
  8 endoplasms
  4 giant cockroaches
  5 gnoll zombies (Ossuary)
  15 goblins
  7 hobgoblins
  2 jackals (D:4)
  6 quokkas
  9 ball pythons
  8 frilled lizards
  2 hobgoblin zombies (Ossuary)
  4 kobolds
  8 kobold zombies (Ossuary)
  3 orc zombies (Ossuary)
  6 rats
293 creatures vanquished.

Table legend: (Time is in decaauts)
 A = Elapsed time spent in this place.
 B = Non-inter-level travel time spent in this place.
 C = Inter-level travel time spent in this place.
 D = Time resting spent in this place.
 E = Time spent auto-exploring this place.
 F = Levels seen in this place.
 G = Mean time per level.
                   A        B        C        D        E       F      G
               +--------+--------+--------+--------+--------+-----+--------+
         Total |  11629 |  11153 |    476 |    257 |   8678 |  13 |  894.5 |
       Dungeon |  10064 |   9613 |    451 |    224 |   7531 |  10 | 1006.4 |
        Temple |    174 |    149 |     25 |      0 |    138 |   1 |  174.0 |
       Ossuary |    501 |    501 |      0 |      0 |    310 |   1 |  501.0 |
        Bailey |    888 |    888 |      0 |     33 |    699 |   1 |  888.0 |
               +--------+--------+--------+--------+--------+-----+--------+

Top non-repeatable levels by time:
     D:8: 1624 daAuts
     D:7: 1301 daAuts
     D:4: 1272 daAuts
     D:9: 1163 daAuts
     D:5: 1131 daAuts
     D:6: 1071 daAuts
     D:3: 918 daAuts
  Bailey: 888 daAuts
     D:2: 646 daAuts
     D:1: 600 daAuts
 Ossuary: 501 daAuts
    D:10: 335 daAuts
  Temple: 174 daAuts

Table legend:
 A = Non-vault XP
 B = Vault XP
 C = Vault XP percentage of total XP
 D = Non-vault monster count
 E = Vault monster count
 F = Vault count percentage of total count
                 A         B        C        D         E       F
            +---------+---------+-------+---------+---------+-------
      Total |    8825 |    3734 |  29.7 |     221 |      72 |  24.6
            +---------+---------+-------+---------+---------+-------
        D:1 |      38 |       0 |   0.0 |      24 |       0 |   0.0
        D:2 |      58 |       0 |   0.0 |      23 |       0 |   0.0
        D:3 |     397 |      14 |   3.4 |      18 |       2 |  10.0
        D:4 |     747 |       0 |   0.0 |      39 |       0 |   0.0
        D:5 |     539 |      47 |   8.0 |      15 |       3 |  16.7
        D:6 |     650 |     612 |  48.5 |      16 |       4 |  20.0
        D:7 |    1705 |       0 |   0.0 |      28 |       0 |   0.0
        D:8 |    1444 |     297 |  17.1 |      30 |       5 |  14.3
        D:9 |    2651 |     641 |  19.5 |      23 |       1 |   4.2
       D:10 |     596 |       7 |   1.2 |       5 |       4 |  44.4
    Ossuary |       0 |     470 | 100.0 |       0 |      30 | 100.0
     Bailey |       0 |    1646 | 100.0 |       0 |      23 | 100.0
            +---------+---------+-------+---------+---------+-------
